 Dungeon Crawl Stone Soup version 0.23.0 (webtiles) character file.

Game seed: 6900548567761141002

70 Borgoz the Chopper (level 4, -3/28 HPs)
             Began as a Gargoyle Gladiator on Feb 9, 2019.
             Slain by Sigmund
             ... wielding a +0 scythe
              (5 damage)
             ... on level 2 of the Dungeon.
             The game lasted 00:02:28 (1023 turns).

Borgoz the Chopper (Gargoyle Gladiator)             Turns: 1023, Time: 00:02:28

Health: -3/28      AC: 10    Str: 18    XL:     4   Next: 22%
Magic:  0/4        EV: 12    Int:  8    God:
Gold:   90         SH:  0    Dex: 12    Spells: 3/3 levels left

rFire    . . .     SeeInvis .   a - +0 war axe
rCold    . . .     Gourm    .   (no shield)
rNeg     + . .     Faith    .   j - +0 ring mail (curse)
rPois    ∞         Spirit   +   c - +0 helmet
rElec    +         Reflect  .   (no cloak)
rCorr    .         Harm     .   (no gloves)
MR       .....                  (no boots)
Stlth    +.........             h - amulet of guardian spirit
HPRegen  0.09/turn              (no ring)
MPRegen  0.09/turn              (no ring)

@: no status effects
A: negative energy resistance 1, electricity resistance, unbreathing,
petrification resistance, rot immunity, AC +3
a: no special abilities


You were on level 2 of the Dungeon.
You were hungry.

You visited 1 branch of the dungeon, and saw 2 of its levels.

You collected 90 gold pieces.

Inventory:

Hand Weapons
 a - a +0 war axe (weapon)
Missiles
 d - 3 throwing nets (quivered)
Armour
 c - a +0 helmet (worn)
 j - a cursed +0 ring mail (worn)
Jewellery
 h - an amulet of guardian spirit (around neck)
 k - an uncursed ring of ice {unknown}
Scrolls
 b - a scroll of amnesia {unknown}
 e - 3 scrolls of remove curse
 g - a scroll of enchant weapon {unknown}
 i - 2 scrolls of magic mapping
 n - a scroll of fear {unknown}
 o - a scroll of identify {unknown}
Potions
 m - a potion of magic {unknown}
Comestibles
 f - 6 rations
 l - 5 chunks of flesh


   Skills:
 + Level 3.0 Fighting
 + Level 3.2 Axes
 - Level 1.7 Throwing
 + Level 1.7 Armour
 + Level 2.9 Dodging


You had 3 spell levels left.
You didn't know any spells.
Your spell library was empty.

Dungeon Overview and Level Annotations

Branches:
Dungeon (2/15)

Altars:

Annotations:
D:2 Sigmund


Innate Abilities, Weirdness & Mutations

You are resistant to torment.
Your stone body is resilient. (AC +3)
You are immune to poison.
You resist negative energy. (rN+)
You are resistant to electric shocks. (rElec)
You can survive without breathing.
You are immune to petrification.
You are immune to rotting.


Message History

You closely miss something.
You hear a zap.
A puff of flame appears from out of thin air!
The puff of flame hits you but does no damage.
Your ring mail prevents you from hitting something.
Something hits you but does no damage.
You miss something.
You hear some strange, mumbled words.
A magic dart appears from out of thin air!
The magic dart hits you but does no damage.
You miss something.
You hear some strange, mumbled words.
A magic dart appears from out of thin air!
The magic dart hits you but does no damage.
You barely miss something. Something hits you!
* * * LOW HITPOINT WARNING * * *
Unknown command.
You miss something. Something hits you but does no damage.
You miss something. Something hits you.
You die...

#..#.[#......##.#
#.#[##.#.....(..#
#.#.##)#..###.###
#..#..#..## #.#
#.#.##÷#.# #.#
#........# #.#
###.#.#.[# #.##
#.#...###.....
#.###.@{....#
#.........#.#
###########


There were no monsters in sight!

Vanquished Creatures
  An adder (D:2)
  4 worms (D:2)
  2 dart slugs (D:1)
  3 leopard geckos
  A ball python (D:2)
  2 giant cockroaches (D:1)
  3 goblins
  A hobgoblin (D:1)
  3 jackals (D:1)
  6 kobolds
  A quokka (D:2)
  5 bats
  4 frilled lizards
  6 rats (D:1)
42 creatures vanquished.

Notes
Turn   | Place    | Note
-------+----------+-------------------------------------------
     0 | D:1      | Borgoz the Gargoyle Gladiator began the quest for the Orb.
     0 | D:1      | Reached XP level 1. HP: 12/12 MP: 1/1
   136 | D:1      | Reached XP level 2. HP: 18/18 MP: 2/2
   183 | D:1      | Reached skill level 1 in Armour
   297 | D:1      | Reached XP level 3. HP: 21/22 MP: 3/3
   857 | D:2      | Found a faded altar of an unknown god.
   860 | D:2      | Reached XP level 4. HP: 28/28 MP: 4/4
  1008 | D:2      | Noticed Sigmund
  1023 | D:2      | Slain by Sigmund

Skill      XL: |  1  2  3 |
---------------+----------+-----
Armour         | 1 |  1.7
Axes           | 3 |  3.2
Fighting       | 3 |  3.0
Throwing       | |  1.7
Dodging        | |  2.9

Action                   |  1- 3 |  4- 6 || total
-------------------------+-------+-------++-------
Melee: War axe           |    96 |    26 ||   122
  Use: Scroll            |     2 |       ||     2
 Stab: Sleeping          |     1 |       ||     1
Armor: Leather armour    |    53 |       ||    53
       Ring mail         |     6 |     6 ||    12
Dodge: Dodged            |    88 |     9 ||    97
